 Dungeon Crawl Stone Soup version 0.28-b1-25-g9875b3fc8c (webtiles) character file.

Game seed: 12515810943704112085

4393 pkoi the Archer (level 10, -14/135 HPs)
             Began as a Minotaur Hunter on Feb 2, 2022.
             Was a Follower of Dithmenos.
             Demolished by Snorg (16 damage)
             ... on level 10 of the Dungeon.
             The game lasted 00:10:33 (10626 turns).

pkoi the Archer (Minotaur Hunter)                  Turns: 10626, Time: 00:10:33

Health: -14/135    AC: 25    Str: 28    XL:     10   Next: 13%
Magic:  9/9        EV:  2    Int:  8    God:    Dithmenos [*.....]
Gold:   326        SH:  0    Dex: 14    Spells: 9/9 levels left

rFire   . . .      SeeInvis .   b - +8 whip "Ladgh" {venom, Str+4}
rCold   . . .      Faith    .   (no shield)
rNeg    . . .      Spirit   .   (armour currently unavailable)
rPois   +          Reflect  .   (helmet currently unavailable)
rElec   .          Harm     .   (cloak currently unavailable)
rCorr   .          Rampage  .   (gloves currently unavailable)
Will    .....      NoTele   +   (boots currently unavailable)
Stlth   +++.......              (no amulet)
HPRegen 0.32/turn               w - +6 ring of strength
MPRegen 0.11/turn               (no ring)

@: tree-form, wreathed by umbra, studying Bows
A: stationary, stasis, torment immunity, boosted hp, (horns 2), (retaliatory
headbutt)
a: Renounce Religion


You were on level 10 of the Dungeon.
You worshipped Dithmenos.
Dithmenos was aware of your devotion.
You were a tree.
You visited 2 branches of the dungeon, and saw 11 of its levels.

You collected 516 gold pieces.
You spent 190 gold pieces at shops.

Inventory:

Hand Weapons
 a - a +2 shortbow of venom
 b - the +8 whip "Ladgh" (weapon) {venom, Str+4}
   (You found it on level 2 of the Dungeon)

   It poisons the flesh of those it strikes.
   Str:       It affects your strength (+4).
 e - a +0 short sword
 t - the +10 mace "Gahu" {vorpal, rElec rCorr}
   (You found it on level 4 of the Dungeon)

   It inflicts extra damage upon your enemies.
   rElec:     It insulates you from electricity.
   rCorr:     It protects you from acid and corrosion.
Missiles
 d - 174 arrows
Armour
 c - a +0 leather armour (melded)
 j - a +1 pair of gloves
 s - the +1 pair of gloves of Lugonu's Delight (melded) {Str+4}
   (You bought it in a shop on level 3 of the Dungeon)

   Str:       It affects your strength (+4).
Jewellery
 u - an amulet of reflection
 w - a +6 ring of strength (left branch)
Wands
 g - a wand of charming (8)
Scrolls
 f - 5 scrolls of teleportation
 h - 5 scrolls of magic mapping
 i - a scroll of enchant weapon
 k - a scroll of summoning
 o - 2 scrolls of blinking
 p - a scroll of enchant armour
 r - 3 scrolls of identify
Potions
 l - 4 potions of curing
 m - 3 potions of lignification
 n - a potion of flight
 q - a potion of magic
 v - 2 potions of haste
 x - a potion of heal wounds {unknown}


   Skills:
 + Level 8.4 Fighting
 + Level 7.5 Maces & Flails
 + Level 11.4 Bows
 - Level 3.1 Armour
 + Level 7.2 Dodging
 + Level 5.2 Stealth


You had 9 spell levels left.
You didn't know any spells.
Your spell library contained the following spells:

 Spells                   Type           Power      Damage    Failure   Level
 Beastly Appendage        Tmut           0%         N/A       41%         1
 Sandblast                Erth           0%         2d4       41%         1
 Summon Small Mammal      Summ           0%         N/A       41%         1
 Passwall                 Tmut/Erth      0%         N/A       54%         2
 Wereblood                Tmut           0%         N/A       54%         2
 Call Canine Familiar     Summ           0%         N/A       78%         3
 Conjure Flame            Conj/Fire      0%         6-21      78%         3
 Ignite Poison            Fire/Tmut/Pois 0%         N/A       78%         3
 Spider Form              Tmut/Pois      0%         N/A       78%         3
 Stone Arrow              Conj/Erth      0%         3d7       78%         3
 Summon Guardian Golem    Hex/Summ       0%         N/A       78%         3
 Fulminant Prism          Conj/Hex       0%         3d6       99%         4
 Sticky Flame             Conj/Fire      0%         2d3       99%         4
 Lightning Bolt           Conj/Air       0%         1d11      100%        5


Dungeon Overview and Level Annotations

Branches:
Dungeon (10/15)            Temple (1/1) D:5
   Lair: D:8-11         Orc: D:9-12

Altars:
Ashenzari
Cheibriados
Dithmenos
Elyvilon
Fedhas
Gozag
Hepliaklqana
Kikubaaqudgha
Makhleb
Nemelex Xobeh
Okawaru
Qazlal
Ru
Sif Muna
Trog
Uskayaw
Vehumet
Wu Jian
Xom
Yredelemnul
Zin
The Shining One

Shops:
D:3 [   D:7 *   D:8 *

Annotations:
D:3 1 runed translucent door, MarioGrandma's ghost, amateur DrFE
D:10 1 runed translucent door, ChongLi's ghost, novice FeSu; Snorg


Innate Abilities, Weirdness & Mutations

You are a tree.
Your roots penetrate the ground, keeping you stationary.
You cannot be teleported.
You are immune to unholy pain and torment.
Your maximum health is greatly increased.
Your equipment is partially melded.
((You have a pair of horns on your head.))
((You reflexively headbutt those who attack you in melee.))


Message History

Snorg goes berserk!
An orc comes into view.
It is wielding a +0 flail and wearing a +1 leather armour of cold resistance.
The orc shouts!
Your +2 shortbow of venom stops dripping with poison.
You feel stronger.
The +8 whip "Ladgh" {venom, Str+4} begins to drip with poison!
b - the +8 whip "Ladgh" (weapon)
{venom, Str+4} You hear a shout!
Snorg barely misses you. Snorg claws you! Snorg misses you.
You hit Snorg.
Snorg looks as sick as possible!
Snorg is moderately wounded.
Snorg bites you! Snorg barely misses you. Snorg claws you.
You hit Snorg.
Snorg looks as sick as possible!
You headbutt Snorg.
Snorg is heavily wounded.
Snorg bites you!! Snorg barely misses you. Snorg misses you.
You whack Snorg!
Snorg looks as sick as possible!
You headbutt Snorg.
Snorg is heavily wounded.
Snorg bites you! Snorg barely misses you. Snorg closely misses you.
You whack Snorg!
Snorg looks as sick as possible!
Snorg is heavily wounded.
Snorg barely misses you. You furiously retaliate!
You headbutt Snorg! Snorg misses you. Snorg closely misses you.
Really quaff the potion of lignification?
You turn into a tree.
The +1 pair of gloves of Lugonu's Delight {Str+4} melds into your body.
Your +0 leather armour melds into your body.
Your roots penetrate the ground.
Snorg bites you but does no damage. Snorg barely misses you.
Snorg claws you but does no damage.
You whack Snorg!
Snorg looks as sick as possible!
Snorg is severely wounded.
Snorg bites you but does no damage. Snorg claws you!
* * * LOW HITPOINT WARNING * * *
Snorg claws you!
* * * LOW HITPOINT WARNING * * *
You hit Snorg.
Snorg is severely wounded.
Snorg bites you!!
* * * LOW HITPOINT WARNING * * *
Snorg claws you!
You die...

#...##.#...#.#......
#...##....)......###
#...#.......##...#..
###..>...........#.#
#.##....######.#.#
#.#....## #.#.#
##.#o#### #.#..
##....# ##### #..♣##
#.## ##.T..# #...
#..##.############...
#[.........>.........
#.###.############...
#.# #.# ###... ..#
#.# ##...## ..(# #.#
#######..#### ..(.
... ........##


You could see Snorg (berserk, extremely poisoned) and an orc.

Vanquished Creatures
  Pikel (D:9)
  An unseen horror (D:10)
  A kobold demonologist (D:10)
  A troll (D:10)
  Eustachio (D:4)
  4 yaks (D:8)
  An orc warrior (D:8)
  2 sky beasts
  3 necrophages (D:8)
  2 ogres
  4 centaurs
  A lemure (D:9)
  2 kobold brigands
  3 scorpions
  11 wights
  3 howler monkeys
  A bullfrog zombie (D:4)
  A centaur zombie (D:8)
  2 hounds
  An orc priest (D:8)
  2 bullfrog skeletons
  A gnoll shaman (D:7)
  3 orc wizards
  A killer bee zombie (D:8)
  A mummy (D:8)
  2 howler monkey zombies
  8 gnolls
  3 adders
  A shadow imp (D:8)
  A white imp (D:6)
  2 worms (D:2)
  5 dart slugs
  5 orcs
  4 bats
  5 endoplasms
  5 giant cockroaches
  7 goblins
  10 hobgoblins
  7 jackals
  4 quokkas
  3 ball pythons
  3 frilled lizards
  19 kobolds
  6 rats
154 creatures vanquished.

Notes
Turn   | Place    | Note
-------+----------+-------------------------------------------
     0 | D:1      | pkoi the Minotaur Hunter began the quest for the Orb.
     0 | D:1      | Reached XP level 1. HP: 18/18 MP: 0/0
    53 | D:1      | Reached XP level 2. HP: 16/25 MP: 1/1
   207 | D:1      | Got Igeu's Guide on Conjuration
   395 | D:1      | Reached skill level 5 in Bows
   458 | D:1      | Reached XP level 3. HP: 24/31 MP: 2/2
   847 | D:2      | HP: 1/31 [dart slug (3)]
  1254 | D:2      | Identified a scroll of acquirement
  1254 | D:2      | Acquired a manual of Bows
  1277 | D:2      | Identified the +8 whip "Ladgh" {venom, Str+4}
  1537 | D:2      | Reached XP level 4. HP: 31/38 MP: 3/3
  1970 | D:3      | Found a runed translucent door.
  1970 | D:3      | Noticed MarioGrandma's ghost (amateur DrFE)
  2143 | D:3      | Reached skill level 1 in Stealth
  2254 | D:3      | Reached skill level 1 in Maces & Flails
  2327 | D:3      | Found Fen Wygyblipp's Antique Armour Emporium.
  2855 | D:4      | Noticed an ogre
  2867 | D:4      | Killed an ogre
  2868 | D:4      | Reached skill level 6 in Bows
  2868 | D:4      | Reached skill level 1 in Armour
  2868 | D:4      | Reached XP level 5. HP: 30/46 MP: 4/4
  3113 | D:4      | Identified the +10 mace "Gahu" {vorpal, rElec rCorr}
  3139 | D:4      | Reached XP level 6. HP: 47/53 MP: 5/5
  3472 | D:4      | Noticed Eustachio
  3494 | D:4      | Killed Eustachio
  3495 | D:4      | Reached skill level 7 in Bows
  3991 | D:5      | Entered Level 5 of the Dungeon
  4008 | D:5      | Found a staircase to the Ecumenical Temple.
  4019 | Temple   | Entered the Ecumenical Temple
  4167 | Temple   | Became a worshipper of Dithmenos the Shadowed
  4232 | D:5      | Reached XP level 7. HP: 53/60 MP: 6/6
  4530 | D:5      | Reached skill level 5 in Fighting
  5709 | D:6      | Identified the +3 kite shield of Eternity {Rampage Stlth+}
  6068 | D:7      | Found a hide-covered altar of Uskayaw.
  6142 | D:7      | Reached skill level 8 in Bows
  6163 | D:7      | Reached XP level 8. HP: 43/69 MP: 7/7
  6652 | D:7      | Reached * piety under Dithmenos
  7394 | D:7      | Found Gouqax's Serpentskin Sales.
  7706 | D:3      | Bought a pair of encrusted gloves for 190 gold pieces
  7706 | D:3      | Identified the +1 pair of gloves of Lugonu's Delight
                  | {Str+4} (You bought it in a shop on level 3 of the Dungeon)
  7851 | D:8      | Reached skill level 5 in Dodging
  7854 | D:8      | Reached skill level 5 in Maces & Flails
  7862 | D:8      | Reached skill level 9 in Bows
  8059 | D:8      | Reached XP level 9. HP: 51/78 MP: 8/8
  8223 | D:8      | Reached skill level 10 in Bows
  8321 | D:8      | HP: 3/77 [wight (6)]
  8970 | D:8      | Found a hazy altar of Hepliaklqana.
  9093 | D:8      | Found Pimewkut's CLEARANCE SALE!.
  9754 | D:9      | Noticed Pikel
  9761 | D:9      | Killed Pikel
  9908 | D:9      | Reached skill level 11 in Bows
  9978 | D:9      | Found a bloodstained altar of Trog.
  9978 | D:9      | Found an iron altar of Okawaru.
  9980 | D:9      | Found a basalt altar of Yredelemnul.
 10046 | D:10     | Entered Level 10 of the Dungeon
 10086 | D:10     | Killed an unseen horror
 10087 | D:10     | Reached skill level 5 in Stealth
 10182 | D:10     | Reached XP level 10. HP: 77/88 MP: 9/9
 10310 | D:10     | Identified the +3 short sword "Gaco" {flame, *Slow rC++
                  | Dex+5}
 10404 | D:10     | Found a runed translucent door.
 10405 | D:10     | Noticed ChongLi's ghost (novice FeSu)
 10579 | D:10     | Found a glowing golden altar of the Shining One.
 10608 | D:10     | Noticed Snorg
 10626 | D:10     | HP: 2/135 [Snorg (20)]
 10626 | D:10     | Demolished by Snorg

Illustrated notes

Levels and vault maps discovered:
D:1:      eino_arrival_cavern_e, layout_rooms
D:2:      layout_basic
D:3:      layout_basic, serial_shops, nicolae_shop_hallway_plus,
          hellmonk_ghost_happy_afterlife, chequers_serial_rivers_small_3,
          minmay_misc_feat_tiny
D:4:      layout_gridville, minmay_misc_feat_pillars, uniq_eustachio
D:5:      layout_rooms, minmay_temple_entry_junction_2, hangedman_decor_points,
          amcnicky_mini_rare_corridor_liquid
D:6:      layout_loops_ring
D:7:      layout_loops_cross, old_standard_altar, guppyfry_shop_venom
D:8:      layout_basic, lemuel_crystal_altar, serial_undead, serial_undead_d,
          serial_undead_c, serial_undead_d, serial_undead_b, minivault_23,
          nicolae_shop_clearance
D:9:      layout_roguey, nicolae_overflow_hidden_temple, uniq_pikel
D:10:     layout_rooms, mainiacjoe_overflow_alcove_4, orc_0_dummy,
          ebering_ghost_reflecting_pool, uniq_snorg
Temple:   regret_index_temple_sphere_string

Skill      XL: |  1  2  3  4  5  6  7  8  9 |
---------------+----------------------------+-----
Fighting       | 3 4 5 6 8 |  8.4
Bows           | 5 6 7 8 9 11 | 11.4
Stealth        | 1 2 3 5 |  5.2
Maces & Flails | 1 2 3 4 5 7 |  7.5
Armour         | 1 2 3 |  3.1
Dodging        | 3 4 5 7 |  7.2

Action                   |  1- 3 |  4- 6 |  7- 9 | 10-12 || total
-------------------------+-------+-------+-------+-------++-------
Melee: Short sword       |    77 |     3 |       |       ||    80
       Headbutt          |    18 |    10 |    30 |     2 ||    60
       Whip              |    12 |    83 |   149 |     6 ||   250
       Punch             |       |     2 |     4 |       ||     6
 Fire: Shortbow          |       |     9 |    87 |    27 ||   123
  Use: Scroll            |     5 |     6 |    10 |       ||    21
       Potion            |       |     2 |     1 |     1 ||     4
Armor: Leather armour    |    29 |    13 |    36 |     2 ||    80
       Skin              |       |       |       |     3 ||     3
Dodge: Dodged            |    65 |    46 |   109 |    13 ||   233
